 Dungeon Crawl Stone Soup version 0.29.1 (webtiles) character file.

Game seed: 11123035672382230677

5416 SensoryNuts the Basher (level 10, -4/61 HPs)
             Began as a Gargoyle Fighter on Sept 14, 2022.
             Slain by an orc knight
             ... wielding a +0 trident
              (17 damage)
             ... in a bailey.
             The game lasted 00:12:17 (9702 turns).

SensoryNuts the Basher (Gargoyle Fighter)           Turns: 9702, Time: 00:12:18

Health: -4/61      AC: 18    Str: 24    XL:     10   Next: 67%
Magic:  10/10      EV: 11    Int:  9    God:
Gold:   487        SH: 11    Dex:  7    Spells: 9/9 levels left

rFire   . . .      SeeInvis .   B - +1 morningstar (vorpal)
rCold   + . .      Faith    .   c - +1 buckler
rNeg    + . .      Spirit   .   C - +0 acid dragon scales
rPois   ∞          Reflect  +   (no helmet)
rElec   +          Harm     .   (no cloak)
rCorr   +          Rampage  .   w - +1 pair of gloves "Sudeir" {Regen+ Dex-2 Slay+3}
Will    .....                   r - +0 pair of boots
Stlth   +.........              g - amulet of reflection
HPRegen 1.00/turn               l - ring of flight
MPRegen 0.12/turn               x - ring of Oshat {rC+ rCorr}

@: mighty, flying
A: sickness immunity, AC +7, negative energy resistance 1, electricity
resistance, torment resistance 1, petrification resistance
a: no special abilities


You were in a bailey.
You visited 2 branches of the dungeon, and saw 9 of its levels.
You also visited: Sewer and Bailey.

You collected 705 gold pieces.
You spent 218 gold pieces at shops.

Inventory:

Hand Weapons
 a - a +0 flail
 t - a +2 morningstar
 B - a +1 vorpal morningstar (weapon)
Armour
 b - a +0 scale mail
 c - a +1 buckler (worn)
 r - a +0 pair of boots (worn)
 w - the +1 pair of gloves "Sudeir" (worn) {Regen+ Dex-2 Slay+3}
   (You bought it in a shop on level 3 of the Dungeon)

   Dex:       It affects your dexterity (-2).
   Slay:      It affects your accuracy & damage with ranged weapons and melee
   (+3).
   Regen:     It increases your rate of health regeneration.
 C - +0 acid dragon scales (worn)
Jewellery
 g - an amulet of reflection (around neck)
 l - a ring of flight (left hand)
 x - the ring of Oshat (right hand) {rC+ rCorr}
   (You acquired it on level 5 of the Dungeon)

   [ring of resist corrosion]

   rC:        It protects you from cold.
   rCorr:     It protects you from acid and corrosion.
 y - a ring of fire
 E - an amulet of the acrobat
 H - a ring of willpower
Wands
 q - a wand of flame (13)
 u - a wand of polymorph (3)
 F - a wand of paralysis (10)
Scrolls
 i - 4 scrolls of teleportation
 G - a scroll of amnesia
Potions
 d - a potion of berserk rage {unknown}
 f - a potion of attraction {unknown}
 h - 4 potions of flight
 j - 5 potions of cancellation
 k - 2 potions of ambrosia
 n - a potion of lignification {unknown}
 o - 4 potions of invisibility {unknown}
 p - 3 potions of curing
 s - 2 potions of degeneration {unknown}
 v - 2 potions of haste {unknown}
 z - 2 potions of heal wounds {unknown}
 A - 5 potions of mutation {unknown}
 D - a potion of resistance {unknown}
 I - 2 potions of brilliance {unknown}
 K - a potion of magic {unknown}


   Skills:
 + Level 6.4 Fighting
 * Level 12.0 Maces & Flails
 + Level 5.7 Armour
 + Level 2.9 Dodging
 + Level 0.8 Stealth
 + Level 7.9 Shields
 + Level 0.1 Unarmed Combat


You had 9 spell levels left.
You didn't know any spells.
Your spell library contained the following spells:

 Spells                   Type           Power      Damage    Failure   Level
 Shock                    Conj/Air       0%         1d3       52%         1
 Swiftness                Air            0%         N/A       88%         3
 Airstrike                Air            0%         2d(0-16)  99%         4


Dungeon Overview and Level Annotations

Branches:
Dungeon (8/15)             Temple (1/1) D:5           Sewer (visited)
 Bailey (1/1)
   Lair: D:8-11

Altars:
Ashenzari
Cheibriados
Dithmenos
Elyvilon
Fedhas
Gozag
Kikubaaqudgha
Makhleb
Nemelex Xobeh
Okawaru
Qazlal
Ru
Sif Muna
Trog
Uskayaw
Vehumet
Wu Jian
Xom
Yredelemnul
Zin
The Shining One

Shops:
D:1 *   D:2 (   D:3 [   D:4 *


Innate Abilities, Weirdness & Mutations

You are immune to sickness and miasma.
Your stone body is resilient. (AC +7)
You are immune to poison.
You resist negative energy. (rN+)
You are resistant to electric shocks. (rElec)
You are resistant to unholy torment.
You are immune to petrification.


Message History

The orc knight hits you from afar with a +0 trident!
You block the orc warrior's attack.
Your Maces & Flails skill increases to level 12!
Unknown command.
There is an open gate here.
There is an open door here.
Things that are here:
a +0 hand axe; a +0 trident; a +0 ring mail You feel very mighty all of a sudden.
The orc warrior no longer looks unusually strong.
The orc knight roars a battlecry!
The orc warrior goes into a battle-frenzy!
The orc knight hits you with a +0 trident.
The orc warrior closely misses you.
You hit the orc knight.
The orc knight is lightly wounded.
The orc knight barely misses you. The orc warrior barely misses you.
You barely miss the orc knight.
The orc knight is lightly wounded.
You block the orc knight's attack. The orc warrior barely misses you.
You closely miss the orc knight.
The orc knight is lightly wounded.
You block the orc knight's attack.
The orc warrior hits you with a +0 halberd!!
You thump the orc knight!
The orc knight is moderately wounded.
You block the orc knight's attack.
The orc warrior hits you with a +0 halberd!
* * * LOW HITPOINT WARNING * * *
Okay, then.
As you read the scroll of fear, it crumbles to dust.
You assume a fearsome visage.
The orc knight resists with some effort.
The orc warrior looks frightened!
You block the orc knight's attack.
Unknown command.
Okay, then.
You puncture the orc knight!
The orc knight is heavily wounded.
The orc knight hits you with a +0 trident!
You die...

#..#.#))#
#.....)g#
#......)#
#.......#
##.....##
###)###
#)))#
#.).#
#.@.#
#.o.#
###o###
##.....##
#.......#
#..#8#..#
#..#.#..#
#..)....#
#.......#


You could see an orc knight and an orc warrior (strong, fleeing).

Vanquished Creatures
  Pikel (D:6)
  Maggie (D:6)
  3 steam dragons
  2 water moccasins
  A sky beast (D:6)
  3 ice beasts
  A black bear (D:5)
  7 orc warriors (Bailey)
  3 centaurs
  An ogre (D:6)
  A lemure (D:6)
  A kobold brigand (Sewer)
  4 bullfrogs
  A gnoll sergeant (D:5)
  9 scorpions
  4 wights (D:7)
  4 howler monkeys
  A crimson imp (D:3)
  7 hounds
  2 jellies
  A gnoll bouda (D:6)
  Natasha (thrice) (D:3)
  4 iguanas
  Terence (D:3)
  Ijyb (D:4)
  13 gnolls
  16 adders
  2 river rats (D:3)
  A white imp (D:5)
  7 worms
  2 dart slugs
  21 orcs
  3 bats
  10 endoplasms
  3 giant cockroaches
  8 goblins
  4 hobgoblins
  4 jackals (D:2)
  11 kobolds
  5 quokkas
  5 ball pythons
  4 frilled lizards
  2 goblin skeletons (D:3)
  A goblin zombie (D:3)
  4 hobgoblin zombies (D:3)
  3 orc skeletons (D:3)
  2 orc zombies (D:3)
  12 rats
210 creatures vanquished.

Vanquished Creatures (collateral kills)
  An orc knight (Bailey)
  3 orcs (Bailey)
4 creatures vanquished.

Vanquished Creatures (others)
  2 fungi (D:1)
  A plant (D:1)
3 creatures vanquished.

Grand Total: 217 creatures vanquished

Notes
Turn   | Place    | Note
-------+----------+-------------------------------------------
     0 | D:1      | SensoryNuts the Gargoyle Fighter began the quest for the
                  | Orb.
     0 | D:1      | Reached XP level 1. HP: 14/14 MP: 1/1
   239 | D:1      | Reached XP level 2. HP: 12/19 MP: 2/2
   761 | D:1      | Found Panwomp's General Store.
  1023 | D:1      | Reached XP level 3. HP: 22/24 MP: 3/3
  1065 | D:1      | Found a faded altar of an unknown god.
  1735 | D:2      | Reached skill level 3 in Maces & Flails
  2005 | D:2      | Found Nauhew's Antique Weapon Boutique.
  2065 | D:2      | Reached XP level 4. HP: 23/29 MP: 4/4
  2851 | D:3      | Found a glowing drain.
  2855 | Sewer    | Entered a sewer
  2866 | Sewer    | Reached XP level 5. HP: 32/33 MP: 5/5
  2935 | Sewer    | Reached skill level 4 in Maces & Flails
  3276 | Sewer    | Noticed a kobold brigand
  3283 | Sewer    | Killed a kobold brigand
  3284 | Sewer    | Reached XP level 6. HP: 38/38 MP: 6/6
  3582 | D:3      | Found Wuol's Antique Armour Emporium.
  3717 | D:3      | Noticed Natasha
  3728 | D:3      | Killed Natasha
  3769 | D:3      | Noticed Terence
  3780 | D:3      | Killed Terence
  3816 | D:3      | Found a glowing golden altar of the Shining One.
  3820 | D:3      | Reached skill level 1 in Dodging
  3828 | D:3      | Identified the +0 robe "Ahezew" {rF+ Int+3}
  4202 | D:3      | Noticed Natasha
  4211 | D:3      | Killed Natasha
  4212 | D:3      | Reached skill level 5 in Maces & Flails
  5813 | D:3      | Noticed Natasha
  5819 | D:3      | Killed Natasha
  6138 | D:4      | Reached XP level 7. HP: 43/43 MP: 7/7
  6144 | D:4      | Noticed Ijyb
  6153 | D:4      | Killed Ijyb
  6184 | D:4      | Found Der Moguinuo's General Store.
  6534 | D:3      | Bought a pair of smoking gloves for 218 gold pieces
  6534 | D:3      | Identified the +1 pair of gloves "Sudeir" {Regen+ Dex-2
                  | Slay+3} (You bought it in a shop on level 3 of the Dungeon)
  6655 | D:4      | Found an ancient bone altar of Kikubaaqudgha.
  6690 | D:5      | Entered Level 5 of the Dungeon
  6697 | D:5      | Reached skill level 6 in Maces & Flails
  6805 | D:5      | Found a hide-covered altar of Uskayaw.
  6806 | D:5      | Found a shadowy altar of Dithmenos.
  6806 | D:5      | Found an ornate altar of the Wu Jian Council.
  6820 | D:5      | Reached skill level 7 in Maces & Flails
  6820 | D:5      | Reached XP level 8. HP: 48/48 MP: 8/8
  6938 | D:5      | Reached skill level 5 in Shields
  6953 | D:5      | Reached skill level 5 in Fighting
  7002 | D:5      | Found a staircase to the Ecumenical Temple.
  7374 | D:5      | Identified a scroll of acquirement
  7374 | D:5      | Acquired the ring of Oshat {rC+ rCorr}
  7414 | Temple   | Entered the Ecumenical Temple
  7522 | D:5      | Reached skill level 5 in Armour
  7545 | D:6      | Reached skill level 8 in Maces & Flails
  7643 | D:5      | Found a basalt altar of Yredelemnul.
  7677 | D:5      | Reached XP level 9. HP: 40/54 MP: 9/9
  7704 | D:6      | Reached skill level 9 in Maces & Flails
  7811 | D:6      | Found a shimmering altar of Xom.
  7859 | D:6      | Noticed Maggie
  7875 | D:6      | Killed Maggie
  7876 | D:6      | Reached skill level 10 in Maces & Flails
  7970 | D:6      | Noticed Pikel
  7981 | D:6      | Killed Pikel
  7988 | D:6      | Reached XP level 10. HP: 47/60 MP: 10/10
  8335 | D:7      | Reached skill level 11 in Maces & Flails
  9185 | D:8      | Found a flagged portal.
  9204 | Bailey   | Entered a bailey
  9348 | Bailey   | Noticed an orc knight
  9398 | Bailey   | Killed an orc knight
  9639 | Bailey   | Noticed an orc knight
  9681 | Bailey   | Reached skill level 12 in Maces & Flails
  9702 | Bailey   | Slain by an orc knight

Illustrated notes

Levels and vault maps discovered:
D:1:      dpeg_arrival_round_a, layout_rooms, serial_shops,
          nicolae_shop_advertising_works [nicolae_subvault_shop_adworks],
          shapermc_ecumenical_altar_ellora
D:2:      layout_loops_ring, serial_shops, shop, minmay_tetromino_s2
D:3:      layout_basic, nicolae_tso_besieged_by_evil, gup_sewer_entry_spiral,
          serial_shops, shop, uniq_terence, uniq_natasha
D:4:      layout_loops_ring, general_overflow_altar, serial_shops, shop_coins,
          uniq_ijyb
D:5:      layout_basic, nicolae_overflow_hidden_temple,
          chequers_temple_overflow_statue_of_worship,
          minmay_temple_entry_gardened_gates
D:6:      layout_cave_pools, xom_confusion_cloud, uniq_pikel, uniq_maggie
D:7:      layout_cave_pods, grunt_decor_clamped
D:8:      layout_cave_pods, enter_bailey_3
Temple:   zaba_magenta_temple
Bailey:   bailey_polearm_5, bailey

Skill      XL: |  1  2  3  4  5  6  7  8  9 10 |
---------------+-------------------------------+-----
Maces & Flails | 3 4 5 7 8 10 12 | 12.0
Shields        | 4 5 6 7 |  7.9
Fighting       | 4 5 6 |  6.4
Armour         | 4 5 |  5.7
Dodging        | 1 2 |  2.9
Stealth        | |  0.8
Unarmed Combat | |  0.1

Action                   |  1- 3 |  4- 6 |  7- 9 | 10-12 || total
-------------------------+-------+-------+-------+-------++-------
Melee: Flail             |   135 |   259 |       |       ||   394
       Morningstar       |       |    44 |   212 |   150 ||   406
       Unarmed           |       |       |     3 |       ||     3
  Use: Scroll            |     3 |     6 |     4 |     5 ||    18
       Potion            |       |     1 |       |     1 ||     2
Armor: Scale mail        |    71 |    97 |   100 |       ||   268
       Acid dragon scale |       |       |    17 |    62 ||    79
       Steam dragon scal |       |       |     1 |       ||     1
Dodge: Dodged            |    56 |   105 |   122 |    76 ||   359
Block: Buckler           |    79 |   139 |   154 |   120 ||   492
       Reflection        |       |     4 |     7 |       ||    11
